Map: Orbital Shipyard

Players

Monty

  • Race: Protoss Protoss
  • League: Grandmaster

Miszu - Winner!

  • Race: Terran Terran
  • League: Grandmaster

VOD

Have the link to the VOD?

Description

Time

  • Played on: Feb. 14, 2016, 7 a.m.
  • Length: 13:27
Show
View Real Time Build Order
Export as new Build Order

Monty Protoss 

Build Orders: 1 Gate Expand, Oracle Opening 

Get SALT Encoding   

  12  0:01  Probe (Chrono Boost)  
  13  0:11  Probe (Chrono Boost)  
  14  0:18  Pylon  
  14  0:23  Probe (Chrono Boost)  
  15  0:36  Probe (Chrono Boost)  
  15  0:37  Gateway  
  15  0:42  Assimilator  
  16  0:47  Probe (Chrono Boost)  
  17  1:00  Probe (Chrono Boost)  
  18  1:10  Probe (Chrono Boost)  
  19  1:22  Nexus  
  19  1:32  Cybernetics Core  
  19  1:36  Probe (Chrono Boost)  
  20  1:45  Assimilator  
  20  1:46  Probe (Chrono Boost)  
  21  1:54  Pylon  
  21  1:57  Probe (Chrono Boost)  
  22  2:08  Probe (Chrono Boost)  
  23  2:09  Warp Gate  
  23  2:18  Probe (Chrono Boost)  
  24  2:27  Stargate  
  24  2:29  Probe (Chrono Boost)  
  25  2:35  Stalker, Probe (Chrono Boost)  
  28  2:39  Probe (Chrono Boost)  
  29  2:45  Probe (Chrono Boost)  
  29  2:50  Probe (Chrono Boost)  
  31  2:51  Assimilator  
  31  2:56  Mothership Core (Chrono Boost)  
  33  3:00  Probe (Chrono Boost)  
  34  3:11  Probe (Chrono Boost)  
  35  3:14  Probe (Chrono Boost)  
  36  3:21  Probe (Chrono Boost)  
  36  3:22  Oracle (Chrono Boost), Gateway  
  36  3:23  Probe  
  41  3:33  Pylon, Probe  
  42  3:34  Probe  
  43  3:44  Probe  
  43  3:45  Probe  
  45  3:54  Oracle (Chrono Boost)  
  48  3:57  Probe  
  48  4:01  Nexus  
  49  4:03  Pylon, Probe  
  49  4:09  Probe  
  51  4:14  Probe  
  51  4:15  Robotics Facility  
  52  4:17  Sentry  
  52  4:21  Sentry  
  52  4:23  Probe  
  57  4:25  Pylon  
  57  4:35  Probe  
  57  4:37  Probe  
  59  4:41  Gateway  
  59  4:43  Forge  
  59  4:46  Gateway  
  59  4:48  Probe  
  59  4:50  Probe  
  61  4:53  Sentry, Assimilator  
  61  4:55  Sentry  
  61  4:59  Probe  
  65  5:02  Probe  
  65  5:03  Observer (Chrono Boost)  
  65  5:05  Pylon  
  68  5:09  Probe  
  68  5:11  Protoss Ground Weapons Level 1 (Chrono Boost)  
  68  5:13  Probe  
  69  5:14  Probe  
  69  5:20  Probe  
  71  5:21  Twilight Council  
  71  5:25  Pylon  
  71  5:27  Probe  
  73  5:32  Immortal (Chrono Boost)  
  77  5:40  Probe x2  
  77  5:41  Pylon, Probe  
  80  5:45  Pylon  
  80  5:52  Adept x4  
  80  5:56  Probe x2  
  90  5:57  Pylon, Resonating Glaives (Chrono Boost)  
  90  6:05  Immortal  
  90  6:11  Pylon  
  94  6:18  Adept x2  
  94  6:19  Adept x2  
  94  6:22  Pylon  
  102  6:37  Gateway  
  102  6:38  Gateway  
  102  6:40  Gateway x2  
  102  6:42  Adept, Sentry  
  102  6:43  Adept  
  102  6:44  Adept  
  110  6:49  Immortal, Protoss Ground Armor Level 1  
  110  7:05  Adept x4  
  110  7:06  Gateway  
  118  7:12  Assimilator  
  118  7:20  Pylon  
  118  7:23  Immortal  
  118  7:27  Blink (Chrono Boost)  
  124  7:33  Adept x5  
  134  7:40  Assimilator  
  134  7:48  Stalker x2  
  136  7:57  Stalker x5  
  142  8:02  Stalker  
  142  8:04  Pylon  
  144  8:16  Stalker  
  144  8:17  Stalker  
  111  8:34  Protoss Ground Armor Level 2  
  111  8:36  Adept x3  
  95  8:41  Adept  
  95  8:42  Adept x4  
  97  8:51  Sentry  
  97  8:55  Probe  
  100  9:03  Adept x6  
  100  9:06  Adept x2  
  109  9:25  Stalker x2  
  109  9:26  Stalker x5  
  109  9:27  Stalker  
  123  9:33  Stalker  
  82  9:50  Adept x6  
  89  9:56  Probe x2  
  89  9:57  Probe  
  89  9:58  Sentry  
  76  10:12  Adept x5  
  76  10:24  Observer  
  66  10:36  Sentry x2, Stalker x2  
  66  10:37  Adept  
  66  10:42  Probe x2  
  78  10:44  Assimilator  
  78  10:45  Adept x2  
  78  10:48  Immortal  
  86  10:57  Probe x2  
  86  11:00  Adept  
  90  11:04  Adept x4  
  98  11:26  Immortal  
  102  11:34  Stalker x3  
  102  11:35  Stalker  
  110  11:41  Sentry  
  112  12:06  Nexus  
  112  12:07  Pylon x2  
  112  12:10  Templar Archives  
  112  12:13  Adept x4  
  120  12:24  Adept x3  
  120  12:25  Immortal  
  130  12:38  Stalker  
  130  12:40  Stalker  
  120  13:05  Stalker  
  120  13:06  Stalker x5  
  120  13:07  Stalker  
Show
View Real Time Build Order
Export as new Build Order

Miszu Terran - Winner!

Build Orders: Command Center First (CC), MMM Bio 

Get SALT Encoding   

  12  0:00  SCV  
  13  0:13  SCV  
  14  0:17  Supply Depot  
  14  0:25  SCV  
  15  0:39  SCV  
  16  0:51  SCV  
  17  0:59  Command Center  
  17  1:03  SCV  
  18  1:15  SCV  
  18  1:16  Barracks  
  19  1:27  SCV  
  19  1:29  Barracks  
  20  1:39  SCV  
  21  1:46  Barracks  
  21  1:51  SCV  
  22  2:05  Marine, Orbital Command  
  23  2:13  Orbital Command  
  23  2:16  Marine  
  24  2:23  Marine  
  25  2:30  SCV  
  25  2:32  Refinery  
  25  2:33  Refinery, Marine  
  25  2:34  Marine  
  28  2:39  SCV  
  28  2:42  Marine, SCV  
  31  2:51  Marine, SCV  
  32  2:52  Marine  
  32  2:54  SCV  
  35  2:58  Supply Depot  
  35  3:00  Supply Depot  
  35  3:03  SCV  
  37  3:07  SCV  
  37  3:11  Barracks Tech Lab  
  38  3:20  SCV x2  
  38  3:22  Marine x2  
  41  3:29  Marine  
  41  3:30  Stimpack  
  41  3:32  SCV x2  
  44  3:39  Marine  
  44  3:40  Marine  
  46  3:43  Supply Depot  
  46  3:44  SCV x2  
  46  3:47  Marine  
  49  3:56  SCV x2  
  49  3:57  Engineering Bay, Refinery, Marine  
  49  4:00  Factory  
  52  4:06  Supply Depot  
  52  4:08  Marine x2, SCV x2  
  56  4:15  Marine  
  57  4:20  SCV  
  57  4:23  SCV, Missile Turret  
  59  4:25  Terran Infantry Weapons Level 1, Missile Turret  
  59  4:26  Marine x2  
  59  4:39  SCV x2  
  59  4:44  Starport, Factory Tech Lab  
  59  4:45  Factory Reactor  
  62  4:47  Barracks Reactor, Barracks Tech Lab, Marauder  
  62  4:51  SCV  
  63  4:55  Supply Depot, Barracks  
  63  4:57  Barracks  
  63  4:59  SCV  
  64  5:10  Marauder  
  64  5:13  Marauder, Combat Shields  
  68  5:18  Supply Depot  
  68  5:19  Refinery, SCV x2  
  68  5:20  Supply Depot  
  70  5:28  Medivac x2, Widow Mine  
  76  5:36  Supply Depot  
  76  5:37  Supply Depot  
  76  5:41  Marauder  
  80  5:43  Marine, Marauder  
  80  5:45  Marine  
  80  5:48  Marine x2  
  84  5:58  Medivac x2  
  84  6:01  Supply Depot  
  84  6:03  Supply Depot, Marine  
  84  6:04  Marine  
  89  6:06  Widow Mine  
  89  6:10  Marine  
  89  6:11  Marine x2, Liberator  
  93  6:13  Marine  
  96  6:18  Concussive Shells  
  96  6:23  Marine  
  96  6:24  Marine  
  100  6:33  Marine  
  100  6:34  Marine  
  100  6:36  Marauder x2  
  106  6:41  Marine  
  106  6:42  Marine  
  106  6:46  Liberator  
  108  6:51  Marine x2  
  108  6:54  Liberator  
  110  6:56  Marine x2  
  110  6:59  Marine  
  110  7:00  Marine  
  109  7:09  Marine x2  
  109  7:14  Marine x2  
  116  7:17  Marine, Widow Mine  
  116  7:20  Terran Infantry Armor Level 1  
  119  7:31  Marine x3  
  119  7:33  Marine  
  119  7:34  Command Center  
  119  7:36  Liberator  
  123  7:46  Liberator  
  123  7:48  Marine x3  
  126  7:52  Marine, Widow Mine  
  126  7:57  Marine x2  
  126  8:05  Supply Depot x2  
  129  8:06  Marine x3  
  129  8:09  Marine  
  133  8:14  Marine  
  133  8:15  Marine  
  135  8:24  Marine  
  136  8:30  Marine x3  
  136  8:31  Liberator  
  136  8:32  Marine  
  136  8:33  Marine, Liberator  
  98  8:42  Marine  
  98  8:47  Marine  
  98  8:48  Marine x2  
  94  8:50  Marine x2  
  94  8:55  Widow Mine  
  104  8:59  Marine  
  107  9:05  Marine  
  107  9:06  Marine x2  
  107  9:08  Marine x2  
  112  9:14  Liberator  
  112  9:16  Liberator  
  110  9:17  Marine  
  110  9:23  Marine  
  110  9:24  Marine x2  
  113  9:26  Marine  
  113  9:30  Widow Mine  
  117  9:36  Marine  
  124  9:43  Marine x5  
  124  9:44  Missile Turret  
  107  9:54  Marine  
  108  10:01  Marine x5  
  97  10:11  Marine  
  97  10:18  Marine  
  97  10:19  Marine x4, Liberator  
  91  10:23  Liberator  
  91  10:28  Widow Mine  
  86  10:29  Marine  
  83  10:36  Marine  
  83  10:37  Marine x4  
  94  10:47  Marine, Orbital Command  
  95  10:54  Marine  
  95  10:55  Marine x2  
  95  10:56  Widow Mine  
  98  11:01  Liberator  
  100  11:06  Liberator  
  100  11:08  Marine x3  
  103  11:12  Marine x2  
  103  11:15  SCV x2  
  103  11:16  SCV  
  103  11:18  Marauder  
  116  11:26  Marine x3  
  116  11:27  SCV  
  116  11:28  Widow Mine  
  116  11:30  Marine x2  
  124  11:39  Marine  
  125  11:41  Supply Depot  
  125  11:43  Marine  
  125  11:44  Marine x2, Liberator  
  125  11:45  SCV x3  
  131  11:47  Marine  
  131  11:48  Engineering Bay, Marine  
  131  11:49  Liberator, Armory  
  133  11:56  Marine  
  133  12:01  Marine  
  133  12:02  Marine, Marauder  
  133  12:04  Widow Mine  
  133  12:05  Marine  
  146  12:15  Marine  
  146  12:16  Marine  
  146  12:19  Marine x2  
  149  12:23  Marine  
  150  12:44  Marine  
  150  12:47  Marine x5  
  159  13:02  Marine  
  159  13:04  Marine  
  159  13:08  Marine  
Tags
 
Add a new tag
Caveats
  • Supply blocks, unpowered buildings, or Contaminate may cause inaccurate times.
  • Supply counts are checked every 10 seconds.